 Dungeon Crawl Stone Soup version 0.30-a0-778-g2ef04afb54 (webtiles) character file.

Game seed: 6897322652347275548

857 Oxelix the Magician (level 7, -6/36 HPs)
             Began as a Deep Elf Fire Elementalist on Feb 16, 2023.
             Shot with an arrow by a centaur (15 damage)
             ... on level 5 of the Dungeon.
             The game lasted 00:09:11 (4803 turns).

Oxelix the Magician (Deep Elf Fire Elementalist)    Turns: 4803, Time: 00:09:12

Health: -6/36      AC:  4    Str:  5    XL:     7   Next: 70%
Magic:  9/19       EV: 12    Int: 25    God:
Gold:   422        SH:  0    Dex: 15    Spells: 17/20 levels left

rFire   . . .      SeeInvis .    q - +6 sling of Foolhardiness {freeze, rPois Int+3}
rCold   . . .      Faith    .    (no shield)
rNeg    . . .      Spirit   .    a - +0 robe
rPois   +          Reflect  .    o - +0 helmet
rElec   .          Harm     .    (no cloak)
rCorr   .          Rampage  .    (no gloves)
Will    .....                    k - +0 pair of boots
Stlth   ++                       r - amulet of regeneration
HPRegen 1.06/turn                (no ring)
MPRegen 0.16/turn                (no ring)

@: no status effects
A: no striking features
a: no special abilities


You were on level 5 of the Dungeon.
You visited 1 branch of the dungeon, and saw 5 of its levels.

You collected 422 gold pieces.

Inventory:

Hand Weapons
 h - a +0 dagger
 q - the +6 sling of Foolhardiness (weapon) {freeze, rPois Int+3}
   (You found it on level 3 of the Dungeon)

   Int:       It affects your intelligence (+3).
   rPois:     It protects you from poison.
 A - a +0 quick blade
Missiles
 m - 6 boomerangs
 F - a throwing net
Armour
 a - a +0 robe (worn)
 k - a +0 pair of boots (worn)
 o - a +0 helmet (worn)
 s - a +0 kite shield
Magical Staves
 C - a staff of death
Jewellery
 r - an amulet of regeneration (around neck)
Wands
 x - a wand of acid (10)
 E - a wand of digging (5)
Scrolls
 c - 2 scrolls of vulnerability {unknown}
 e - 2 scrolls of blinking {unknown}
 f - 2 scrolls of noise {unknown}
 g - 3 scrolls of identify {unknown}
 i - a scroll of enchant weapon {unknown}
 l - 2 scrolls of amnesia {unknown}
 u - a scroll of brand weapon {unknown}
 w - a scroll of immolation {unknown}
 y - a scroll of enchant armour {unknown}
 z - a scroll of teleportation {unknown}
 B - a scroll of fear {unknown}
 D - a scroll of silence {unknown}
Potions
 b - a potion of magic
 d - a potion of invisibility {unknown}
 j - 3 potions of curing {unknown}
 n - a potion of berserk rage {unknown}
 p - 2 potions of haste {unknown}
 t - a potion of degeneration {unknown}
 v - 2 potions of heal wounds {unknown}


   Skills:
 - Level 2.4 Dodging
 - Level 2.4 Stealth
 + Level 7.1 Spellcasting
 + Level 5.5 Conjurations
 + Level 6.4 Fire Magic


You had 17 spell levels left.
You knew the following spells:

 Your Spells              Type           Power      Damage    Failure   Level
a - Foxfire               Conj/Fire      100%       2x1d9     1%          1
b - Scorch                Fire           82%        2d9       1%          2

Your spell library contained the following spells:

 Spells                   Type           Power      Damage    Failure   Level
 Inner Flame              Hex/Fire       25%        N/A       5%          3
 Flame Wave               Conj/Fire      39%        2d11      5%          4
 Apportation              Tloc           16%        N/A       7%          1
 Necrotise                Necr           32%        1d5       7%          1
 Summon Small Mammal      Summ           32%        N/A       7%          1
 Kindle Blastsparks       Fire/Tloc/Air  38%        2d13      9%          3
 Ensorcelled Hibernation  Hex/Ice        16%        N/A       10%         2
 Spider Form              Tmut/Pois      8%         N/A       21%         3
 Anguish                  Hex/Necr       4%         N/A       54%         4
 Olgreb's Toxic Radiance  Pois           8%         N/A       54%         4
 Alistair's Intoxication  Tmut/Pois      5%         N/A       88%         5
 Ozocubu's Refrigeration  Ice            4%         4d8       100%        7
 Ignition                 Fire           20%        3d7       100%        8


Dungeon Overview and Level Annotations

Branches:
Dungeon (5/15)
 Temple: D:4-7

Altars:
Trog


Message History

You hear the sound of rushing water.
There is an entrance to a sewer on this level.
Hurry and find it before the portal rusts away!
You hear the rusting of a drain very nearby.
Found 12 gold pieces.
There is a stone staircase leading up here.
You now have 422 gold pieces (gained 12).
You open the door.
An ogre and a centaur come into view.
The ogre shouts!
Found a short sword and 11 gold pieces.
Casting: Scorch (safe; 1% risk of failure)
Confirm with . or Enter, or press ? or * to list all spells.
Flames lash the ogre.
The ogre is lightly wounded.
The ogre's fire resistance burns away.
The centaur shouts!
Casting: Scorch (safe; 1% risk of failure)
Confirm with . or Enter, or press ? or * to list all spells.
Flames lash the centaur.
The centaur is moderately wounded.
The centaur's fire resistance burns away.
Casting: Scorch (safe; 1% risk of failure)
Confirm with . or Enter, or press ? or * to list all spells.
Flames lash the centaur.
The centaur is burned terribly!
The centaur is almost dead.
The ogre closely misses you.
Casting: Scorch (safe; 1% risk of failure)
Confirm with . or Enter, or press ? or * to list all spells.
Flames lash the ogre.
The ogre is burned terribly!
The ogre is severely wounded.
The ogre hits you with a +0 giant club!!
Ouch! That really hurt!
* * * LOW HITPOINT WARNING * * *
Casting: Scorch (safe; 1% risk of failure)
Confirm with . or Enter, or press ? or * to list all spells.
Flames lash the ogre.
The ogre is burned terribly!
You kill the ogre!
The centaur wields a +0 shortbow.
The centaur shoots an arrow.
The arrow hits you!
You die...

#........#.#
#.#<##.#.#.##
##.#.##.#....#
....##......#
########
#.####..##.##
#.....>#
#.##.#..##.#
#.####.###
#...#......#
#........#
####.#...#.####
####.####.#.#
#.@..#...#.#####
.†.†.# #..#.#
#)####...#.....#
####.# #######.c
#...#######
####.### #...
#...# .......#
+.). ##..#
.....### ##.$
##.. .....# ###
#.. ....## ....#


You could see a centaur (combustible).

Vanquished Creatures
  Grinder (D:4)
  A sky beast (D:4)
  2 ogres
  Blork the orc (D:4)
  A scorpion (D:3)
  2 hounds
  A jelly (D:4)
  Natasha (thrice) (D:3)
  Robin (D:3)
  9 adders
  An ufetubus (D:4)
  A worm (D:2)
  A dart slug (D:4)
  5 orcs
  11 ball pythons
  3 bats
  8 endoplasms
  4 giant cockroaches
  18 goblins
  7 hobgoblins
  8 jackals
  3 quokkas
  A frilled lizard (D:3)
  7 kobolds
  6 rats
106 creatures vanquished.

Vanquished Creatures (collateral kills)
  A foxfire (D:4)
1 creature vanquished.

Vanquished Creatures (others)
  289 foxfires
  3 fungi (D:4)
  5 toadstools (D:4)
297 creatures vanquished.

Grand Total: 404 creatures vanquished

Notes
Turn   | Place    | Note
-------+----------+-------------------------------------------
     0 | D:1      | Oxelix the Deep Elf Fire Elementalist began the quest for
                  | the Orb.
     0 | D:1      | Reached XP level 1. HP: 10/10 MP: 6/6
   254 | D:1      | Reached XP level 2. HP: 15/15 MP: 5/8
  1160 | D:2      | Reached XP level 3. HP: 19/19 MP: 8/10
  1163 | D:2      | Learned a level 2 spell: Scorch
  1665 | D:2      | Reached skill level 4 in Spellcasting
  2056 | D:3      | Noticed Robin
  2084 | D:3      | Reached XP level 4. HP: 19/24 MP: 8/12
  2090 | D:3      | Killed Robin
  2363 | D:3      | Identified the +6 sling of Foolhardiness {freeze, rPois
                  | Int+3}
  2454 | D:3      | Noticed Natasha
  2458 | D:3      | Killed Natasha
  2544 | D:3      | Noticed Natasha
  2550 | D:3      | Killed Natasha
  2551 | D:3      | Reached XP level 5. HP: 15/28 MP: 11/14
  2754 | D:3      | Found a bloodstained altar of Trog.
  2962 | D:3      | Noticed Natasha
  2967 | D:3      | Killed Natasha
  3032 | D:4      | Noticed an ogre
  3040 | D:3      | Reached skill level 5 in Spellcasting
  3040 | D:3      | Reached skill level 5 in Fire Magic
  3114 | D:4      | Reached XP level 6. HP: 32/32 MP: 10/16
  3257 | D:4      | Noticed Grinder
  3268 | D:4      | Killed Grinder
  3269 | D:4      | Reached skill level 6 in Spellcasting
  3269 | D:4      | Reached XP level 7. HP: 36/36 MP: 2/18
  3531 | D:4      | Reached skill level 5 in Conjurations
  3908 | D:4      | Noticed Blork the orc
  4342 | D:4      | Killed Blork the orc
  4343 | D:4      | Reached skill level 7 in Spellcasting
  4553 | D:5      | Entered Level 5 of the Dungeon
  4803 | D:5      | Shot with an arrow by a centaur

Illustrated notes

Levels and vault maps discovered:
D:1:      sevenhm_arrival_forest_fort_small_5, layout_rooms, serial_glass,
          glass_columns_b, glass_columns_b, due_unseen_surprise,
          item_on_display_a, item_on_display_b, item_on_display_b,
          minmay_misc_feat_diagonals
D:2:      layout_basic
D:3:      layout_basic, trog_three_pillars_becter, uniq_natasha, uniq_robin
D:4:      minmay_diamond_boxcup, layout_rooms, minmay_gold_behind_fungi,
          st_stairs_4, uniq_blork_the_orc, uniq_grinder
D:5:      minmay_bubble_buster, layout_loops_cross, portal_sewer_entry_f,
          uniq_ijyb, uniq_sigmund

Skill      XL: |  1  2  3  4  5  6  7 |
---------------+----------------------+-----
Conjurations   | 2 3 4 5 |  5.5
Spellcasting   | 4 5 6 7 |  7.1
Fire Magic     | 4 5 6 |  6.4
Dodging        | |  2.4
Stealth        | |  2.4

Action                     |  1- 3 |  4- 6 |  7- 9 || total
---------------------------+-------+-------+-------++-------
  Melee: Unarmed           |     3 |       |       ||     3
         Dagger            |     1 |       |       ||     1
   Fire: Sling             |       |    15 |       ||    15
   Cast: Foxfire           |    71 |    58 |    46 ||   175
         Scorch            |    13 |    13 |    16 ||    42
  Dodge: Dodged            |     4 |     7 |     1 ||    12

Table legend: (Time is in decaauts)
 A = Elapsed time spent in this place.
 B = Non-inter-level travel time spent in this place.
 C = Inter-level travel time spent in this place.
 D = Time resting spent in this place.
 E = Time spent auto-exploring this place.
 F = Levels seen in this place.
 G = Mean time per level.
                   A        B        C        D        E       F      G
               +--------+--------+--------+--------+--------+-----+--------+
         Total |   4809 |   4653 |    156 |    470 |   3475 |   5 |  961.8 |
       Dungeon |   4809 |   4653 |    156 |    470 |   3475 |   5 |  961.8 |
               +--------+--------+--------+--------+--------+-----+--------+

Top non-repeatable levels by time:
     D:4: 1460 daAuts
     D:3: 1177 daAuts
     D:2: 999 daAuts
     D:1: 933 daAuts
     D:5: 239 daAuts
